 Dungeon Crawl Stone Soup version 0.28.0 (webtiles) character file.

Game seed: 7218189047472273866

137 Sanktem7 the Covered (level 5, -1/47 HPs)
             Began as a Minotaur Fighter on Feb 9, 2022.
             Slain by an ogre (15 damage)
             ... on level 4 of the Dungeon.
             The game lasted 00:04:53 (3076 turns).

Sanktem7 the Covered (Minotaur Fighter)             Turns: 3076, Time: 00:04:54

Health: -1/47      AC:  8    Str: 22    XL:     5   Next: 0%
Magic:  4/4        EV:  9    Int:  5    God:
Gold:   103        SH:  4    Dex: 10    Spells: 4/4 levels left

rFire   . . .      SeeInvis .   a - +0 long sword
rCold   . . .      Faith    .   c - +0 buckler
rNeg    . . .      Spirit   .   b - +0 scale mail
rPois   .          Reflect  .   (helmet restricted)
rElec   .          Harm     .   (no cloak)
rCorr   .          Rampage  .   (no gloves)
Will    .....                   p - +0 pair of boots
Stlth   ..........              (no amulet)
HPRegen 0.15/turn               (no ring)
MPRegen 0.09/turn               (no ring)

@: very slow
A: horns 2, retaliatory headbutt
a: no special abilities


You were on level 4 of the Dungeon.
You visited 1 branch of the dungeon, and saw 4 of its levels.

You collected 103 gold pieces.

Inventory:

Hand Weapons
 a - a +0 long sword (weapon)
Missiles
 g - 2 throwing nets (quivered)
 k - 5 boomerangs
Armour
 b - a +0 scale mail (worn)
 c - a +0 buckler (worn)
 p - a +0 pair of boots (worn)
Jewellery
 o - a ring of ice
Scrolls
 i - a scroll of enchant armour {unknown}
 j - a scroll of blinking {unknown}
 l - a scroll of enchant weapon {unknown}
 m - a scroll of fear {unknown}
 q - a scroll of identify {unknown}
 r - 3 scrolls of holy word {unknown}
Potions
 d - a potion of might
 e - 3 potions of heal wounds {unknown}
 f - a potion of brilliance {unknown}
 h - a potion of mutation {unknown}
 n - a potion of cancellation {unknown}


   Skills:
 * Level 4.4 Fighting
 * Level 4.5 Long Blades
 * Level 4.7 Armour
 + Level 0.8 Stealth
 + Level 3.8 Shields


You had 4 spell levels left.
You didn't know any spells.
Your spell library contained the following spells:

 Spells                   Type           Power      Damage    Failure   Level
 Beastly Appendage        Tmut           0%         N/A       87%         1
 Slow                     Hex            0%         N/A       87%         1
 Summon Small Mammal      Summ           0%         N/A       87%         1
 Blink                    Tloc           0%         N/A       95%         2
 Wereblood                Tmut           0%         N/A       95%         2
 Call Canine Familiar     Summ           0%         N/A       99%         3
 Confusing Touch          Hex            0%         N/A       99%         3
 Spider Form              Tmut/Pois      0%         N/A       99%         3
 Summon Guardian Golem    Hex/Summ       0%         N/A       99%         3
 Tukima's Dance           Hex            0%         N/A       99%         3
 Vampiric Draining        Necr           0%         2d6       99%         3
 Anguish                  Hex/Necr       0%         N/A       100%        4
 Manifold Assault         Tloc           0%         N/A       100%        5
 Enfeeble                 Hex            0%         N/A       100%        7
 Storm Form               Tmut/Air       0%         N/A       100%        7


Dungeon Overview and Level Annotations

Branches:
Dungeon (4/15)
 Temple: D:4-7

Altars:

Shops:
D:2 [


Innate Abilities, Weirdness & Mutations

You have a pair of horns on your head.
You reflexively headbutt those who attack you in melee.


Message History

The worm bites you but does no damage.
Your unstable footing causes you to fumble your attack.
You slash the worm! You headbutt the worm.
You kill the worm!
You hear the brisk rusting of a drain.
You hear the brisk rusting of a drain.
You hear the brisk rusting of a drain.
An ogre comes into view. It is wielding a +0 giant spiked club.
The ogre shouts!
You hear an angry hiss.
An adder comes into view.
The adder barely misses you. You furiously retaliate!
You headbutt the adder. The adder bites you but does no damage.
You hit the adder.
The adder is almost dead.
The adder bites you but does no damage. x2
You hit the adder but do no damage.
The adder is almost dead.
You block the adder's attack.
You barely miss the adder.
The adder is almost dead.
The adder bites you but does no damage. x2
You slash the adder!
You kill the adder!
You have reached level 5!
You hit the ogre.
The ogre is lightly wounded.
The ogre hits you with a +0 giant spiked club!
Your unstable footing causes you to fumble your attack.
The ogre hits you with a +0 giant spiked club!!
* * * LOW HITPOINT WARNING * * *
You barely miss the ogre. Your headbutt misses the ogre.
The ogre is lightly wounded.
The ogre closely misses you.
You hit the ogre. You headbutt the ogre!
The ogre is severely wounded.
The ogre closely misses you.
You barely miss the ogre.
The ogre is severely wounded.
The ogre hits you with a +0 giant spiked club!
You die...

#.### ####### #.... #...≈≈#
#.### #..≈≈≈# #.#
##...#≈### #.# #...≈≈≈#≈≈
###### #.# #...≈#≈#≈#####
##....# #.#
#..≈≈≈≈#≈≈≈O≈##≈#....# #.#
#...≈#≈#≈#≈#@≈≈≈#....####.#
#...≈#≈#≈#≈######....'....#
#....#≈†≈#≈≈ #....######
##†...############....# #
#.†#### #.#.......########
####†######
##..........#<....'
#.....#>..
......#####.#######
#.....#.##########......#.#
#
+.....'........#.#...##.#.#


You could see an ogre.

Vanquished Creatures
  4 river rats (D:4)
  3 adders
  An adder skeleton (D:4)
  2 worms
  4 dart slugs (D:1)
  10 endoplasms
  2 giant cockroaches (D:1)
  6 goblins
  3 hobgoblins
  A quokka (D:2)
  6 ball pythons
  7 bats
  3 frilled lizards
  3 kobolds
  9 rats
64 creatures vanquished.

Notes
Turn   | Place    | Note
-------+----------+-------------------------------------------
     0 | D:1      | Sanktem7 the Minotaur Fighter began the quest for the Orb.
     0 | D:1      | Reached XP level 1. HP: 19/19 MP: 0/0
   216 | D:1      | Reached XP level 2. HP: 27/27 MP: 1/1
   755 | D:1      | Reached XP level 3. HP: 33/33 MP: 2/2
  1380 | D:2      | Found a faded altar of an unknown god.
  1847 | D:2      | Found Foppej's Armour Boutique.
  2163 | D:3      | Reached XP level 4. HP: 40/40 MP: 3/3
  3065 | D:4      | Noticed an ogre
  3072 | D:4      | Reached XP level 5. HP: 42/47 MP: 4/4
  3076 | D:4      | Slain by an ogre

Illustrated notes

Levels and vault maps discovered:
D:1:      scummos_arrival_simple_fountains, layout_basic, minmay_pentomino_t4
D:2:      layout_rooms, shapermc_ecumenical_altar_mp_highgroup, serial_shops,
          nicolae_diamond_shop
D:3:      layout_loops_ring
D:4:      layout_basic, lightli_sewer_entry_pipes, biasface_ghost_orc_armoury

Skill      XL: |  1  2  3  4 |
---------------+-------------+-----
Armour         | 4 |  4.7
Long Blades    | 3 4 |  4.5
Fighting       | 4 |  4.4
Stealth        | |  0.8
Shields        | |  3.8

Action                   |  1- 3 |  4- 6 || total
-------------------------+-------+-------++-------
Melee: Long sword        |    81 |    53 ||   134
       Headbutt          |     8 |    12 ||    20
Armor: Scale mail        |    24 |    23 ||    47
Dodge: Dodged            |    37 |    30 ||    67
Block: Buckler           |    18 |     7 ||    25
